 Dungeon Crawl Stone Soup version 0.20.1-1-g8b1a95d66d (webtiles) character file.

2293 NullDivider the Covert (level 9, -4/60 HPs)
             Began as an Octopode Artificer on Dec 6, 2017.
             Was a Believer of Nemelex Xobeh.
             Slain by a two-headed ogre
             ... wielding a +0 dire flail
              (18 damage)
             ... on level 8 of the Dungeon.
             The game lasted 00:33:54 (7658 turns).

NullDivider the Covert (Octopode Artificer)         Turns: 7658, Time: 00:33:54

Health: -4/60      AC:  1    Str: 11    XL:     9   Next: 40%
Magic:  13/13      EV: 16    Int: 14    God:    Nemelex Xobeh [**....]
Gold:   332        SH:  0    Dex: 15    Spells: 8/8 levels left

rFire    . . .     SeeInvis +   e - +0 short sword (speed)
rCold    . . .     Gourm    .   (no shield)
rNeg     . . .     Faith    .   (helmet restricted)
rPois    .         Spirit   .   (no amulet)
rElec    .         Reflect  .   u - ring of resist corrosion
rCorr    +         Harm     .   y - ring of see invisible
MR       .....                  (no ring)
Stlth    ++++++....             (no ring)
Regen    0.2/turn               (no ring)
MPRegen  0.2/turn               (no ring)
                                (no ring)
                                (no ring)

@: no status effects
A: almost no armour, stealthy swim, amphibious, 8 rings, constrict 8, camouflage
1, gelatinous body 1
a: Renounce Religion


You were on level 8 of the Dungeon.
You worshipped Nemelex Xobeh.
Nemelex Xobeh was pleased with you.
You were not hungry.

You visited 1 branch of the dungeon, and saw 8 of its levels.

You collected 332 gold pieces.

Inventory:

Hand Weapons
 e - a +0 short sword of speed (weapon)
Armour
 G - the +0 shield of Cidesch {+Fly Str+4}
   (You found it on level 6 of the Dungeon)

   It affects your strength (+4).
   It lets you fly.
Jewellery
 u - a ring of resist corrosion (left tentacle)
 y - a ring of see invisible (right tentacle)
 C - an uncursed amulet of magic regeneration
Wands
 b - a wand of flame (0/48)
 c - a wand of enslavement (3/24)
 d - a wand of random effects (0/48)
 H - a wand of flame (17/48)
 I - a wand of disintegration (13/24)
Scrolls
 h - 3 scrolls of fear
 i - 4 scrolls of noise {unknown}
 j - 4 scrolls of identify
 l - 4 scrolls of remove curse
 m - 2 scrolls of enchant weapon {unknown}
 o - a scroll of random uselessness {unknown}
 p - 4 scrolls of teleportation
 x - a scroll of amnesia {unknown}
 B - a scroll of immolation {unknown}
Potions
 a - a potion of lignification {unknown}
 k - 4 potions of haste
 n - a potion of degeneration {unknown}
 s - a potion of heal wounds {unknown}
 t - 9 potions of curing
 A - a potion of brilliance {unknown}
 D - a potion of invisibility {unknown}
 F - a potion of ambrosia {unknown}
Books
 w - a book of Misfortune

   Spells                             Type                      Level
   a - Confusing Touch                Hexes                        1
   b - Confuse                        Hexes                        3
   c - Gell's Gravitas                Translocation                3
   d - Petrify                        Transmutation/Earth          4
   e - Metabolic Englaciation         Hexes/Ice                    5
   f - Yara's Violent Unravelling     Hexes/Transmutation          5
Miscellaneous
 E - a plain deck of destruction {drawn: 7}
Comestibles
 f - 7 bread rations
 g - 3 chunks of flesh
 q - 11 fruits
 r - 4 meat rations
 z - 5 royal jellies


   Skills:
 + Level 4.9 Fighting
 + Level 5.0 Short Blades
 + Level 5.0 Dodging
 + Level 10.3 Stealth
 + Level 6.4 Evocations


You had 8 spell levels left.
You didn't know any spells.

Dungeon Overview and Level Annotations

Branches:
Dungeon (8/15)             Temple (0/1) D:6
   Lair: D:8-11

Altars:
Cheibriados
Gozag
Kikubaaqudgha
Nemelex Xobeh
Ru
Vehumet
The Shining One

Shops:
D:4 =


Innate Abilities, Weirdness & Mutations

You cannot wear most types of armour.
You are very stealthy in the water. (Stealth+)
You are amphibious.
You can wear up to eight rings at the same time.
You can use your tentacles to constrict eight enemies at once.
Your skin changes colour to match your surroundings (Stealth+).
Your rubbery body absorbs attacks. (AC +1, EV +1)


Message History

You don't have any such object.
Evoke which item? (* to show all) (? for menu, Esc to quit)
You don't have any such object.
Evoke which item? (* to show all) (? for menu, Esc to quit)
That item cannot be evoked!
Evoke which item? (* to show all) (? for menu, Esc to quit)
You draw a card...
It is Pain.
You have drawn Pain.
Press: ? - help, Shift-Dir - straight line, f - two-headed ogre
Aim: a two-headed ogre, wielding a dire flail and a giant spiked club The two-headed ogre convulses!
The two-headed ogre hits you with a dire flail!!
The two-headed ogre hits you with a giant spiked club!
* * * LOW HITPOINT WARNING * * *
NullDivider's illusion hits the two-headed ogre but does no damage.
You hit the two-headed ogre.
The two-headed ogre is heavily wounded.
The two-headed ogre hits you with a dire flail!!
You die...
Your body disappears without a glow.

#............######.#
#.##...##.#.........#
# ##.###.#.#######.#
...........#
#######...#[# #...#.#
#.[<#.# #...#.#
##..#@# #.!#O#####.
#...@......#
.........#######
#####.[### .(.. ####.
#. #$


You could see a two-headed ogre and the friendly NullDivider's illusion.

Vanquished Creatures
  Sigmund (D:3)
  The ghost of ZeroTheHero the Digger, an amateur GrEE (D:4)
  2 hogs (D:7)
  A hungry ghost (D:7)
  Menkaure (D:4)
  A phantom (D:4)
  3 ogres
  A centaur (D:7)
  2 scorpions (D:4)
  A crimson imp (D:6)
  A bullfrog zombie (D:6)
  A bullfrog skeleton (D:4)
  A jelly (D:6)
  A gnoll shaman (D:5)
  Jessica (D:3)
  4 orc wizards
  3 worker ants
  A hound skeleton (D:4)
  2 hound zombies
  A howler monkey zombie (D:6)
  5 gnolls
  2 howler monkey skeletons
  5 adders
  A shadow imp (D:6)
  3 oozes
  2 adder skeletons (D:7)
  5 dart slugs
  2 leopard geckos
  16 orcs
  3 ball pythons
  5 giant cockroaches
  7 goblins
  13 hobgoblins
  5 jackals
  3 quokkas
  2 bats
  8 frilled lizards
  13 kobolds
  12 rats
142 creatures vanquished.

Vanquished Creatures (collateral kills)
  The ghost of jesusflecha the Shield-Bearer, a novice GrFi of Makhleb (D:5)
  Grinder (D:4)
  An iguana (D:4)
  Crazy Yiuf (D:6)
  An orc wizard (D:6)
  2 gnolls (D:5)
  An orc (D:6)
8 creatures vanquished.

Vanquished Creatures (others)
  2 hogs (D:7)
  A human (D:7)
  An ogre (D:4)
  An orc (D:6)
  5 toadstools (D:1)
10 creatures vanquished.

Grand Total: 160 creatures vanquished

Notes
Turn   | Place    | Note
-------+----------+-------------------------------------------
     0 | D:1      | NullDivider the Octopode Artificer began the quest for the Orb.
     0 | D:1      | Reached XP level 1. HP: 13/13 MP: 3/3
    23 | D:1      | Reached skill level 2 in Stealth
    30 | D:1      | Reached XP level 2. HP: 9/18 MP: 4/4
   670 | D:1      | Reached XP level 3. HP: 13/23 MP: 5/5
  1383 | D:2      | Found an ancient bone altar of Kikubaaqudgha.
  1387 | D:2      | Reached skill level 3 in Stealth
  1716 | D:2      | Reached XP level 4. HP: 28/28 MP: 6/6
  1731 | D:2      | Found a sacrificial altar of Ru.
  1743 | D:2      | Found an opulent altar of Gozag.
  2015 | D:3      | Found a snail-covered altar of Cheibriados.
  2088 | D:3      | Found a faded altar of an unknown god.
  2090 | D:3      | Noticed Jessica
  2106 | D:3      | Killed Jessica
  2106 | D:3      | Reached skill level 4 in Stealth
  2143 | D:3      | Reached XP level 5. HP: 28/33 MP: 8/8
  2299 | D:3      | Found a sparkling altar of Nemelex Xobeh.
  2307 | D:3      | Became a worshipper of Nemelex Xobeh the Trickster
  2390 | D:3      | Received a gift from Nemelex Xobeh
  2645 | D:3      | Noticed Sigmund
  2688 | D:3      | Killed Sigmund
  2688 | D:3      | Reached skill level 5 in Stealth
  2688 | D:3      | Reached XP level 6. HP: 29/40 MP: 9/9
  2848 | D:4      | Noticed Grinder
  2904 | D:4      | Killed Grinder
  2904 | D:4      | Reached skill level 6 in Stealth
  3161 | D:4      | Reached XP level 7. HP: 41/45 MP: 10/10
  3194 | D:4      | Noticed ZeroTheHero's ghost (amateur GrEE)
  3241 | D:4      | Killed ZeroTheHero's ghost
  3468 | D:4      | Reached skill level 7 in Stealth
  3468 | D:4      | Reached skill level 5 in Evocations
  3469 | D:4      | Found Runum's Jewellery Shop.
  3672 | D:4      | Reached XP level 8. HP: 46/52 MP: 11/11
  3988 | D:4      | Noticed Menkaure
  3993 | D:4      | Killed Menkaure
  3993 | D:4      | Reached skill level 8 in Stealth
  4216 | D:5      | Entered Level 5 of the Dungeon
  4216 | D:5      | Reached * piety under Nemelex Xobeh
  4381 | D:5      | Noticed jesusflecha's ghost (novice GrFi)
  4406 | D:5      | Killed jesusflecha's ghost
  5219 | D:6      | Found a staircase to the Ecumenical Temple.
  5375 | D:6      | Received a gift from Nemelex Xobeh
  5530 | D:6      | Reached skill level 9 in Stealth
  6047 | D:6      | Found a runed door.
  6051 | D:6      | Noticed Crazy Yiuf
  6056 | D:6      | Killed Crazy Yiuf
  6235 | D:6      | Reached XP level 9. HP: 49/58 MP: 13/13
  6279 | D:6      | Found a radiant altar of Vehumet.
  6487 | D:6      | Got a transparent shield
  6493 | D:6      | Identified the cursed +0 shield of Cidesch {+Fly Str+4} (You found it on level 6 of the Dungeon)
  6827 | D:7      | Reached ** piety under Nemelex Xobeh
  6995 | D:7      | Found a glowing golden altar of the Shining One.
  7129 | D:7      | Reached skill level 10 in Stealth
  7606 | D:7      | Reached skill level 5 in Short Blades
  7606 | D:7      | Reached skill level 5 in Dodging
  7646 | D:8      | Noticed a two-headed ogre
  7658 | D:8      | Slain by a two-headed ogre

Skill      XL: |  1  2  3  4  5  6  7  8  9 |
---------------+----------------------------+-----
Stealth        | 2 3 4 5 6 7 9 10 | 10.3
Short Blades   | 2 3 4 5 |  5.0
Evocations     | 4 5 6 |  6.4
Fighting       | 2 3 4 |  4.9
Dodging        | 3 4 5 |  5.0

Action                   |  1- 3 |  4- 6 |  7- 9 || total
-------------------------+-------+-------+-------++-------
Melee: Short sword       |   100 |    73 |   225 ||   398
       Constrict         |    29 |    20 |    39 ||    88
       Tentacles         |    22 |    13 |    41 ||    76
Evoke: Wand              |       |    16 |    27 ||    43
       Deck              |       |     1 |    16 ||    17
  Use: Scroll            |     2 |       |     5 ||     7
 Stab: Sleeping          |     9 |     7 |    12 ||    28
       Paralysed         |       |     1 |       ||     1
       Distracted        |       |     2 |       ||     2
  Eat: Chunk             |     2 |     5 |    14 ||    21
Armor: Skin              |     9 |     3 |     3 ||    15
Dodge: Dodged            |    75 |    29 |   101 ||   205
